 Dungeon Sprint DCSS version 0.27.0-1-g7a089689b8 (webtiles) character file.

Game seed: 6339551694982525649

1177 Groucho the Fighter (level 8, -8/85 HPs)
             Began as a Naga Fighter on Aug 5, 2021.
             Was a Believer of Cheibriados.
             Mangled by a catoblepas (16 damage)
             ... in the Dungeon (Sprint IX: "|||||||||||||||||||||||||||||").
             The game lasted 00:02:25 (432 turns).

Groucho the Fighter (Naga Fighter)                   Turns: 432, Time: 00:02:26

Health: -8/85      AC: 12    Str: 25    XL:     8   Next: 41%
Magic:  12/12      EV:  4    Int: 18    God:    Cheibriados [**....]
Gold:   0          SH:  0    Dex: 18    Spells: 7/7 levels left

rFire    . . .     SeeInvis +   b - +3 war axe (freeze)
rCold    . . .     Faith    .   c - +0 kite shield
rNeg     . . .     Spirit   .   m - +1 scale mail
rPois    +         Reflect  .   (no helmet)
rElec    .         Harm     .   l - +0 cloak
rCorr    .         Rampage  .   (no gloves)
Will     +....     NoTele   +   (no barding)
Stlth    ..........             (no amulet)
HPRegen  0.24/turn              n - +3 ring of intelligence
MPRegen  0.13/turn              o - +2 ring of protection

@: petrifying (expiring), very slow
A: AC +2, large, see invisible, deformed body, poison resistance, slowness 2,
spit poison 1, naga tail 1
a: Spit Poison, Renounce Religion, Bend Time


You were in the Dungeon.
You worshipped Cheibriados.
Cheibriados was pleased with you.
You visited 1 branch

Inventory:

Hand Weapons
 b - a +3 war axe of freezing (weapon)
Missiles
 a - 6 poisoned darts
Armour
 c - a +0 kite shield (worn)
 l - a +0 cloak (worn)
 m - a +1 scale mail (worn)
Jewellery
 n - a +3 ring of intelligence (left hand)
 o - a +2 ring of protection (right hand)
Wands
 k - a wand of iceblast (8)
Scrolls
 i - 2 scrolls of amnesia
 j - a scroll of blinking
Potions
 d - a potion of might
 g - 3 potions of curing
 h - 4 potions of magic


   Skills:
 + Level 9.2 Fighting
 + Level 8.9 Axes
 + Level 7.6 Armour
 + Level 7.6 Shields
 + Level 6.2 Invocations


You had 7 spell levels left.
You didn't know any spells.
Your spell library was empty.

Dungeon Overview and Level Annotations

Branches:
Dungeon (1/1)

Altars:
Cheibriados
Dithmenos
Elyvilon
Fedhas
Gozag
Hepliaklqana
Kikubaaqudgha
Makhleb
Nemelex Xobeh
Okawaru
Qazlal
Ru
Sif Muna
Trog
Uskayaw
Vehumet
Wu Jian
Xom
Yredelemnul
Zin
The Shining One
Beogh
Jiyva
Lugonu


Innate Abilities, Weirdness & Mutations

Your serpentine skin is tough. (AC +2)
You have supernaturally acute eyesight. (SInv)
Armour fits poorly on your strangely shaped body.
Your system is resistant to poisons. (rPois)
You cover ground very slowly.
You can spit poison.
You have a snake-like lower body.


Message History

The blast of calcifying dust hits the boulder beetle.
The deep elf pyromancer mumbles some strange words.
The deep elf pyromancer blinks!
The boulder beetle is engulfed in calcifying dust.
The boulder beetle is moving more slowly.
The boulder beetle bites you!
* * * LOW HITPOINT WARNING * * *
You are engulfed in calcifying dust.
The catoblepas gores you!
* * * LOW HITPOINT WARNING * * *
The boulder beetle is engulfed in calcifying dust.
The boulder beetle stops moving altogether!
The deep elf pyromancer casts a spell.
You are engulfed in calcifying dust.
The catoblepas gores you but does no damage.
The boulder beetle is engulfed in calcifying dust.
You turn to flesh and can move again.
You feel better.
You are engulfed in calcifying dust.
You are slowing down.
The catoblepas breathes a plume of calcifying dust at you.
The blast of calcifying dust hits you but does no damage.
The blast of calcifying dust hits the boulder beetle.
The boulder beetle is engulfed in calcifying dust.
Unknown command.
You slash the catoblepas! You freeze the catoblepas.
The catoblepas is almost dead.
The helpless boulder beetle fails to defend itself.
You hit the boulder beetle. You freeze the boulder beetle.
You are engulfed in calcifying dust.
Your limbs have turned to stone.
The boulder beetle is no longer petrified.
The catoblepas gores you.
* * * LOW HITPOINT WARNING * * *
The deep elf pyromancer mumbles some strange words.
The deep elf pyromancer blinks!
The boulder beetle is engulfed in calcifying dust.
The boulder beetle is moving more slowly.
The boulder beetle bites you!
* * * LOW HITPOINT WARNING * * *
The deep elf pyromancer mumbles some strange words.
The deep elf pyromancer blinks!
The catoblepas gores you!!
You die... ▓▓▓▓▓▓▓▓▓▓▓▓▓▓▓▓▓▓▓▓▓▓▓▓ '..).[[..['...§B@YeDeeEE ▓▓▓▓▓▓▓▓▓▓▓▓▓▓▓▓▓▓▓▓▓▓▓▓

You could see a catoblepas, a boulder beetle (petrifying), 3 deep elf pyromancers, 2 fire elementals and an acid dragon.

Vanquished Creatures
  A two-headed ogre (D)
  A steam dragon (D)
  A water moccasin (D)
  An orc warrior (D)
  A black bear (D)
  A kobold brigand (D)
  A scorpion (D)
  A gnoll shaman (D)
  A gnoll (D)
  An adder (D)
  An endoplasm (D)
  A hobgoblin (D)
  2 kobolds (D)
  A bat (D)
  A jackal zombie (D)
16 creatures vanquished.

Notes
Turn   | Place    | Note
-------+----------+-------------------------------------------
     0 | D        | Groucho the Naga Fighter began the quest for the Orb.
     0 | D        | Reached XP level 1. HP: 21/21 MP: 1/1
     0 | D        | Banished a spatial maelstrom
    16 | D        | HP: 1/21 [kobold (5)]
    33 | D        | Noticed a water moccasin
    33 | D        | Noticed a black bear
    33 | D        | Noticed a scorpion
    38 | D        | Reached XP level 2. HP: 30/30 MP: 2/2
    41 | D        | Killed a water moccasin
    42 | D        | Reached skill level 5 in Fighting
    42 | D        | Reached skill level 5 in Axes
    42 | D        | Reached XP level 3. HP: 39/39 MP: 3/3
    42 | D        | Reached XP level 4. HP: 46/46 MP: 4/4
    42 | D        | Reached XP level 5. HP: 54/54 MP: 5/5
    46 | D        | Killed a black bear
    47 | D        | Reached skill level 6 in Fighting
    47 | D        | Reached skill level 5 in Armour
    47 | D        | Reached skill level 5 in Shields
    53 | D        | Reached skill level 7 in Fighting
    53 | D        | Reached XP level 6. HP: 47/66 MP: 6/6
    59 | D        | Found a snail-covered altar of Cheibriados.
    59 | D        | Found a shadowy altar of Dithmenos.
    59 | D        | Found a white marble altar of Elyvilon.
    59 | D        | Found a blossoming altar of Fedhas.
    59 | D        | Found an opulent altar of Gozag.
    60 | D        | Found a hazy altar of Hepliaklqana.
    61 | D        | Found a viscous altar of Jiyva.
    62 | D        | Found an ancient bone altar of Kikubaaqudgha.
    63 | D        | Became a worshipper of Cheibriados the Contemplative
    64 | D        | Found a corrupted altar of Lugonu.
    65 | D        | Found a burning altar of Makhleb.
    66 | D        | Found a sparkling altar of Nemelex Xobeh.
    67 | D        | Found an iron altar of Okawaru.
    68 | D        | Found a stormy altar of Qazlal.
    69 | D        | Found a sacrificial altar of Ru.
    70 | D        | Found a shimmering blue altar of Sif Muna.
    71 | D        | Found a bloodstained altar of Trog.
    72 | D        | Found a hide-covered altar of Uskayaw.
    73 | D        | Found a radiant altar of Vehumet.
    74 | D        | Found an ornate altar of the Wu Jian Council.
    75 | D        | Found a shimmering altar of Xom.
    76 | D        | Found a basalt altar of Yredelemnul.
    77 | D        | Found a glowing silver altar of Zin.
    78 | D        | Found a glowing golden altar of the Shining One.
   137 | D        | Noticed a two-headed ogre
   137 | D        | Noticed an orc warrior
   137 | D        | Noticed a steam dragon
   149 | D        | Killed a two-headed ogre
   150 | D        | Reached skill level 8 in Fighting
   150 | D        | Reached skill level 5 in Invocations
   150 | D        | Reached XP level 7. HP: 24/75 MP: 6/11
   150 | D        | Reached XP level 8. HP: 27/84 MP: 6/12
   152 | D        | Reached * piety under Cheibriados
   156 | D        | Reached skill level 9 in Fighting
   157 | D        | Reached ** piety under Cheibriados
   416 | D        | Noticed a catoblepas
   416 | D        | Noticed a deep elf pyromancer
   416 | D        | Noticed a deep elf pyromancer
   416 | D        | Noticed a deep elf pyromancer
   416 | D        | Noticed a boulder beetle
   432 | D        | Mangled by a catoblepas

Illustrated notes

Levels and vault maps discovered:
D:        linesprint [early_d, line_temple, items_1, d_10, items_2, lair_1,
          lair_end, items_3, orc_1, orc_end, items_4, d_15, swamp_1, shoals_1,
          snake_1, spider_1, d_20, vaults_1, items_5, swamp_end, shoals_end,
          snake_end, spider_end, vaults_end, d_27, items_6, zot_1, zot_end,
          crypt_end, forest_end, elf_end, slime_end, tomb_end, abyss_end,
          pan_hell_end]

Skill      XL: |  1  2  3  4  5  6  7  8 |
---------------+-------------------------+-----
Axes           | 3 5 6 8 |  8.9
Armour         | 3 4 5 7 |  7.6
Shields        | 3 4 5 7 |  7.6
Fighting       | 5 7 8 9 |  9.2
Invocations    | 5 6 |  6.2

Action                   |  1- 3 |  4- 6 |  7- 9 || total
-------------------------+-------+-------+-------++-------
Melee: War axe           |    27 |    17 |    21 ||    65
Evoke: Wand              |       |     2 |       ||     2
  Use: Potion            |     4 |     2 |     2 ||     8
       Scroll            |       |     1 |       ||     1
 Stab: Invisible         |       |       |     4 ||     4
       Petrified         |       |       |     1 ||     1
Armor: Scale mail        |     8 |     5 |    12 ||    25
Dodge: Dodged            |     4 |     8 |     7 ||    19
Block: Kite shield       |    15 |    11 |     5 ||    31
